 Dungeon Crawl Stone Soup version 0.17-a0-1648-g0a089d4 (webtiles) character file.

117 urechis the Magician (level 5, -2/28 HPs)
             Began as a Gargoyle Wizard on Aug 12, 2015.
             Slain by a worm (9 damage)
             ... on level 3 of the Dungeon.
             The game lasted 00:04:08 (2328 turns).

urechis the Magician (Gargoyle Wizard)              Turns: 2328, Time: 00:04:08

Health: -2/28      AC:  7    Str: 11    XL:     5   Next: 1%
Magic:  11/11      EV: 11    Int: 19    God:
Gold:   88         SH:  0    Dex:  8    Spells: 1 memorised, 11 levels left

rFire  . . .     SeeInvis .     f - +2 dagger (venom)
rCold  . . .     Clarity  .     a - +0 robe
rNeg   + . .     SustAt   .     (no shield)
rPois  ∞         Gourm    .     l - +0 helmet
rElec  +         Spirit   .     (no cloak)
rCorr  .         Warding  .     (no gloves)
rMut   .         Stasis   .     (no boots)
MR     .....                    (no amulet)
Stlth  ++........               (no ring)
                                (no ring)

@: not resistant to hostile enchantments, unstealthy
A: negative energy resistance 1, electricity resistance, unbreathing,
petrification resistance, rot immunity, AC +4
a: no special abilities


You were on level 3 of the Dungeon.
You were hungry.

You visited 1 branch of the dungeon, and saw 3 of its levels.

You collected 88 gold pieces.

Inventory:

Hand weapons
 f - a +2 dagger of venom (weapon)
Armour
 a - a +0 robe (worn)
 l - a +0 helmet (worn)
Scrolls
 e - a scroll of enchant armour {unknown}
 h - a scroll of identify {unknown}
 i - a scroll of magic mapping {unknown}
Potions
 g - a potion of cancellation {unknown}
 j - a potion of flight {unknown}
Books
 c - a book of Minor Magic

   Spells                             Type                      Level
   a - Magic Dart                     Conjuration                  1
   b - Blink                          Translocation                2
   c - Call Imp                       Summoning                    2
   d - Repel Missiles                 Charms/Air                   2
   e - Slow                           Hexes                        2
   f - Conjure Flame                  Conjuration/Fire             3
   g - Mephitic Cloud                 Conjuration/Poison/Air       3
Comestibles
 d - 3 bread rations


   Skills:
 - Level 1.5 Dodging
 - Level 2.1 Stealth
 + Level 4.1 Spellcasting
 + Level 3.7 Conjurations
   Level 0.8 Summonings
   Level 0.8 Translocations


You had 11 spell levels left.
You knew the following spells:

 Your Spells              Type           Power        Failure   Level  Hunger
a - Magic Dart            Conj           ###.         3%          1    None


Dungeon Overview and Level Annotations

Branches:
Dungeon (3/15)

Altars:


Innate Abilities, Weirdness & Mutations

You are resistant to torment.
Your stone body is resilient (AC +4).
You are immune to poison.
You resist negative energy.
You are resistant to electric shocks.
You can survive without breathing.
You are immune to petrification.
You are immune to rotting.


Message History

The orc priest is moderately wounded.
The orc priest hits you with a mace.
You barely miss the orc priest.
The orc priest is heavily wounded.
The worm bites you.
You hit the orc priest but do no damage.
The orc priest is severely wounded.
The orc priest invokes the aid of Beogh against you.
Something smites you!
* * * LOW HITPOINT WARNING * * *
You are too injured to fight recklessly!
You closely miss the orc priest.
The orc priest is severely wounded.
The orc priest miscasts a cantrip.
The worm bites you but does no damage.
You hit the worm but do no damage.
The worm is poisoned.
The orc priest hits you with a mace.
* * * LOW HITPOINT WARNING * * *
The worm bites you!
You die...

###### #....###
##......
###..>..#
#...o...#
###....@..#
#...)#w...#
.........##...#.#
.....o.####...#.#
....w.# #.....# #
...?.. #.#..<#
...... #.#.#.#
..... #.#.#.#
..... #.#.#.#


You could see a worm and an orc priest.

Vanquished Creatures
  Robin (D:2)
  3 adders
  An ooze (D:1)
  A worm (D:2)
  2 giant geckos
  4 orcs (D:3)
  6 bats
  3 giant cockroaches
  7 hobgoblins
  5 kobolds
  A ball python (D:1)
  4 giant newts
  11 goblins
  2 quokkas (D:2)
  22 rats
73 creatures vanquished.

Notes
Turn   | Place    | Note
--------------------------------------------------------------
     0 | D:1      | urechis the Gargoyle Wizard began the quest for the Orb.
     0 | D:1      | Reached XP level 1. HP: 10/10 MP: 4/4
   177 | D:1      | Reached XP level 2. HP: 15/15 MP: 1/6
  1026 | D:2      | Reached XP level 3. HP: 19/19 MP: 8/8
  1119 | D:2      | Noticed Robin
  1335 | D:2      | Killed Robin
  1478 | D:2      | Reached XP level 4. HP: 24/24 MP: 9/9
  2020 | D:3      | Reached skill level 4 in Spellcasting
  2027 | D:3      | HP: 1/24 [orc priest/divine providence (14)]
  2306 | D:2      | Reached XP level 5. HP: 24/28 MP: 11/11
  2328 | D:3      | Slain by a worm

Vault maps used:
D:1:      dpeg_arrival_rhombus, minmay_misc_feat_x
D:2:      minmay_rat_hole, uniq_robin
D:3:      nemelex_xobeh_ov_fountains_minmay,
          nicolae_dithmenos_through_a_glass_darkly, old_standard_altar,
          ecumenical_altar_1

Action                   |  1- 3 |  4- 6 || total
-------------------------+-------+-------++-------
Melee: Unarmed           |     7 |       ||     7
       Dagger            |    73 |   100 ||   173
       Spear             |     2 |       ||     2
       Club              |     1 |       ||     1
 Cast: Magic Dart        |    14 |       ||    14
 Stab: Sleeping          |     4 |     1 ||     5
  Eat: Chunk             |     1 |     3 ||     4
